 Dungeon Crawl Stone Soup version 0.29.1-1-gd02db6906a (webtiles) character file.

Game seed: 17927187663800206510

147 plokij the Covered (level 5, -1/47 HPs)
             Began as a Minotaur Fighter on Oct 21, 2022.
             Was an Initiate of Okawaru.
             Killed by nerve-wracking pain
             ... invoked by an orc priest
              (7 damage)
             ... on level 3 of the Dungeon.
             The game lasted 00:03:24 (1520 turns).

plokij the Covered (Minotaur Fighter)               Turns: 1520, Time: 00:03:24

Health: -1/47      AC:  9    Str: 23    XL:     5   Next: 8%
Magic:  4/4        EV:  7    Int:  5    God:    Okawaru [......]
Gold:   110        SH:  4    Dex:  9    Spells: 4/4 levels left

rFire   . . .      SeeInvis .   a - +0 war axe
rCold   . . .      Faith    .   c - +0 buckler
rNeg    . . .      Spirit   .   e - +0 chain mail
rPois   .          Reflect  .   (helmet restricted)
rElec   .          Harm     .   (no cloak)
rCorr   .          Rampage  .   (no gloves)
Will    .....                   (no boots)
Stlth   ..........              (no amulet)
HPRegen 0.15/turn               (no ring)
MPRegen 0.09/turn               (no ring)

@: no status effects
A: horns 2, retaliatory headbutt
a: Renounce Religion


You were on level 3 of the Dungeon.
You worshipped Okawaru.
Okawaru was noncommittal.
You visited 1 branch of the dungeon, and saw 3 of its levels.

You collected 110 gold pieces.

Inventory:

Hand Weapons
 a - a +0 war axe (weapon)
Missiles
 k - a throwing net (quivered)
Armour
 c - a +0 buckler (worn)
 e - a +0 chain mail (worn)
Jewellery
 j - a ring of wizardry
Scrolls
 b - 2 scrolls of identify {unknown}
 f - a scroll of teleportation {unknown}
 g - a scroll of summoning {unknown}
 i - a scroll of silence {unknown}
Potions
 d - a potion of might
 h - a potion of lignification {unknown}


   Skills:
 + Level 4.4 Fighting
 * Level 4.4 Axes
 + Level 4.5 Armour
 + Level 4.5 Shields


You had 4 spell levels left.
You didn't know any spells.
Your spell library contained the following spells:

 Spells                   Type           Power      Damage    Failure   Level
 Frozen Ramparts          Ice            0%         1d1       100%        3
 Ice Form                 Ice/Tmut       0%         N/A       100%        4
 Summon Ice Beast         Ice/Summ       Unusable   N/A       N/A         4

Dungeon Overview and Level Annotations

Branches:
Dungeon (3/15)

Altars:
Okawaru

Shops:
D:1 (


Innate Abilities, Weirdness & Mutations

You have a pair of horns on your head.
You reflexively headbutt those who attack you in melee.


Message History

You headbutt the orc.
There is a stone staircase leading up here.
You hit the orc.
You kill the orc!
Okawaru accepts your kill.
The orc priest hits you but does no damage.
You slash the orc priest!
The orc priest is severely wounded.
You block the orc priest's attack.
The orc priest mumbles some strange prayers to Beogh against you.
Pain shoots through your body!
You hit the orc priest.
You kill the orc priest!
Okawaru accepts your kill.
You have reached level 5!
Things that are here:
a +0 whip; an orc corpse
Found a stone staircase leading up.
The orc priest calls down the wrath of Beogh upon you.
Beogh smites you!
You are too injured to fight recklessly!
You are too injured to fight recklessly!
You are too injured to fight recklessly!
You are too injured to fight recklessly!
You are too injured to fight recklessly!
You are too injured to fight recklessly!
You hit the orc priest.
The orc priest is lightly wounded.
The orc priest hits you with a +0 flail.
You barely miss the orc priest.
The orc priest is lightly wounded.
The orc priest hits you but does no damage.
The orc priest invokes the aid of Beogh against you.
Pain shoots through your body!
* * * LOW HITPOINT WARNING * * *
You hit the orc priest.
The orc priest is moderately wounded.
The orc priest invokes the aid of Beogh against you.
Pain shoots through your body!
You die...

######### #.......#
#.......# #....<..#
#.......# #...!...#
#######.......###
......o@.).<)...#
............$......
.......#######.....
#...### .### .^. ..
<# .. .


You could see an orc priest.

Vanquished Creatures
  2 orc priests
  Terence (D:2)
  2 adders (D:2)
  A dart slug (D:2)
  An orc (D:3)
  5 ball pythons
  4 bats
  2 endoplasms (D:1)
  2 giant cockroaches
  4 goblins (D:1)
  2 hobgoblins (D:2)
  5 kobolds
  5 quokkas
  3 frilled lizards (D:1)
  6 rats
45 creatures vanquished.

Notes
Turn   | Place    | Note
-------+----------+-------------------------------------------
     0 | D:1      | plokij the Minotaur Fighter began the quest for the Orb.
     0 | D:1      | Reached XP level 1. HP: 19/19 MP: 0/0
   133 | D:1      | Reached XP level 2. HP: 27/27 MP: 1/1
   422 | D:1      | Found Ulutos's Weapon Shop.
   809 | D:1      | Reached XP level 3. HP: 29/33 MP: 2/2
   869 | D:2      | Found an iron altar of Okawaru.
   882 | D:2      | Became a worshipper of Warmaster Okawaru
  1084 | D:2      | Noticed Terence
  1087 | D:2      | Killed Terence
  1122 | D:2      | Reached XP level 4. HP: 40/40 MP: 3/3
  1515 | D:3      | Reached XP level 5. HP: 32/47 MP: 4/4
  1520 | D:3      | Killed from afar by an orc priest

Illustrated notes

Levels and vault maps discovered:
D:1:      shiori_arrival_maze, layout_basic, serial_shops, nicolae_diamond_shop,
          minmay_close_crescents
D:2:      layout_basic, basic_altar, uniq_terence
D:3:      gammafunk_steamed_eel, layout_rooms, uniq_grinder

Skill      XL: |  1  2  3  4 |
---------------+-------------+-----
Axes           | 3 4 |  4.4
Armour         | 4 |  4.5
Fighting       | 4 |  4.4
Shields        | 4 |  4.5

Action                   |  1- 3 |  4- 6 || total
-------------------------+-------+-------++-------
Melee: War axe           |    71 |    22 ||    93
       Headbutt          |     9 |     2 ||    11
Armor: Chain mail        |    44 |     5 ||    49
Dodge: Dodged            |    24 |     5 ||    29
Block: Buckler           |    16 |     3 ||    19
